 Dungeon Crawl Stone Soup version 0.21.1-1-g345015f (webtiles) character file.

539 aMcNicky the Covered (level 7, -8/61 HPs)
             Began as a Minotaur Fighter on Mar 18, 2018.
             Blown up by Ijyb (10 damage)
             ... with a wand of disintegration (1)
             ... on level 4 of the Dungeon.
             The game lasted 00:07:01 (3229 turns).

aMcNicky the Covered (Minotaur Fighter)             Turns: 3229, Time: 00:07:02

Health: -8/61      AC: 14    Str: 22    XL:     7   Next: 5%
Magic:  6/6        EV:  7    Int:  5    God:
Gold:   233        SH:  0    Dex: 10    Spells: 6/6 levels left

rFire    . . .     SeeInvis +   x - +0 battleaxe
rCold    . . .     Gourm    .   (shield currently unavailable)
rNeg     . . .     Faith    .   p - +0 plate armour
rPois    .         Spirit   .   (helmet restricted)
rElec    .         Reflect  .   s - scarf {repulsion}
rCorr    .         Harm     .   (no gloves)
MR       .....                  m - +0 pair of boots
Stlth    ..........             (no amulet)
HPRegen  0.20/turn              l - +1 ring of protection
MPRegen  0.10/turn              i - ring of see invisible

@: repel missiles
A: retaliatory headbutt, horns 2
a: no special abilities


You were on level 4 of the Dungeon.
You were not hungry.

You visited 1 branch of the dungeon, and saw 4 of its levels.

You collected 233 gold pieces.

Inventory:

Hand Weapons
 a - a +0 war axe
 x - a +0 battleaxe (weapon)
 B - a +4 hand axe
Armour
 b - a +0 scale mail
 c - a +0 shield
 m - a +0 pair of boots (worn)
 p - a +0 plate armour (worn)
 s - a scarf of repulsion (worn)
Jewellery
 i - a ring of see invisible (right hand)
 l - a +1 ring of protection (left hand)
 u - an uncursed ring of positive energy
 v - an uncursed ring of protection from fire
Scrolls
 e - a scroll of identify {@r1}
 h - 4 scrolls of fear {unknown}
 k - a scroll of noise {unknown}
 o - 2 scrolls of immolation
 r - a scroll of enchant armour {unknown}
 w - 3 scrolls of teleportation
 y - a scroll of magic mapping {unknown}
Potions
 d - a potion of might
 j - 2 potions of haste
 n - a potion of cancellation {unknown}
 t - a potion of lignification {unknown}
 z - 2 potions of brilliance {unknown}
 A - 2 potions of curing {unknown}
Books
 g - a book of Misfortune

   Spells                             Type                      Level
   a - Confusing Touch                Hexes                        1
   b - Confuse                        Hexes                        3
   c - Gell's Gravitas                Translocation                3
   d - Petrify                        Transmutation/Earth          4
   e - Metabolic Englaciation         Hexes/Ice                    5
   f - Yara's Violent Unravelling     Hexes/Transmutation          5
Comestibles
 f - 10 rations
 C - 3 chunks of flesh


   Skills:
 + Level 5.6 Fighting
 * Level 5.2 Axes
 + Level 5.7 Armour
 + Level 1.0 Dodging
 - Level 5.5 Shields


You had 6 spell levels left.
You didn't know any spells.

Dungeon Overview and Level Annotations

Branches:
Dungeon (4/15)
 Temple: D:4-7

Altars:
Elyvilon

Annotations:
D:4 Ijyb


Innate Abilities, Weirdness & Mutations

You reflexively headbutt those who attack you in melee.
You have a pair of horns on your head.


Message History

Ijyb hits you but does no damage.
Ijyb zaps a wand.
You are blasted!
You closely miss Ijyb. Your headbutt misses Ijyb.
Ijyb is severely wounded.
Ijyb zaps a wand.
You are blasted!
* * * LOW HITPOINT WARNING * * *
You barely miss Ijyb. Your headbutt misses Ijyb.
Ijyb is severely wounded.
Ijyb zaps a wand.
You are blasted!
* * * LOW HITPOINT WARNING * * *
You closely miss Ijyb.
Ijyb is severely wounded.
Ijyb hits you but does no damage. Ijyb barely misses you.
You furiously retaliate!
You headbutt Ijyb, but do no damage. You barely miss Ijyb.
Ijyb is severely wounded.
Ijyb zaps a wand.
You struggle to resist.
You closely miss Ijyb.
Ijyb is severely wounded.
Ijyb zaps a wand.
You are blasted!
You die...

#.........# #............(...
#...###...###.###############
##..## ##....#.# ##...#
#......# #..### ###..#.# #.##
#+# ##...# #.# +.+ #..## #.##
##.## ##.###.####
#..###.#.###..@g.....#
##.....#.....####.##.#
###..###.##.#
#(.....##.####.##[# .######
#.##.####.##......# .......
#....# #.##......# #.##...
#### # #.##......# #.##.##
###.##......# #.##.## ....#..
..# #.##.#.


You could see Ijyb.

Vanquished Creatures
  2 scorpions (D:4)
  A bullfrog zombie (D:3)
  3 orc wizards (D:4)
  An orc priest (D:4)
  A hound (D:4)
  A centaur skeleton (D:4)
  3 iguanas
  2 worker ants (D:4)
  4 adders
  An ooze (D:1)
  3 worms
  3 dart slugs
  A leopard gecko (D:4)
  6 orcs
  3 giant cockroaches
  4 goblins
  8 hobgoblins
  2 jackals (D:2)
  5 kobolds
  A bat (D:3)
  3 frilled lizards (D:1)
  6 rats
64 creatures vanquished.

Notes
Turn   | Place    | Note
-------+----------+-------------------------------------------
     0 | D:1      | aMcNicky the Minotaur Fighter began the quest for the Orb.
     0 | D:1      | Reached XP level 1. HP: 19/19 MP: 0/0
   164 | D:1      | Reached XP level 2. HP: 23/27 MP: 1/1
   714 | D:2      | Reached XP level 3. HP: 33/33 MP: 2/2
  1213 | D:2      | Reached XP level 4. HP: 40/40 MP: 3/3
  1406 | D:2      | Found a white marble altar of Elyvilon.
  1915 | D:3      | Reached XP level 5. HP: 47/47 MP: 4/4
  2120 | D:4      | Reached skill level 5 in Armour
  2120 | D:4      | Reached skill level 5 in Shields
  2271 | D:4      | Reached skill level 5 in Fighting
  2358 | D:4      | Reached XP level 6. HP: 37/56 MP: 5/5
  2933 | D:4      | Reached skill level 5 in Axes
  2973 | D:4      | Reached skill level 1 in Dodging
  2973 | D:4      | Reached XP level 7. HP: 52/61 MP: 6/6
  3212 | D:4      | Noticed Ijyb
  3226 | D:4      | HP: 1/61 [disintegration (6)]
  3229 | D:4      | Blown up by Ijyb

Skill      XL: |  1  2  3  4  5  6 |
---------------+-------------------+-----
Shields        | 4 5 |  5.5
Armour         | 4 5 |  5.7
Fighting       | 4 5 |  5.6
Axes           | 3 4 5 |  5.2
Dodging        | 1 |  1.0

Action                   |  1- 3 |  4- 6 |  7- 9 || total
-------------------------+-------+-------+-------++-------
Melee: War axe           |    66 |    90 |       ||   156
       Headbutt          |     7 |    19 |     3 ||    29
       Battleaxe         |       |    21 |    22 ||    43
  Use: Scroll            |       |     9 |       ||     9
  Eat: Ration            |     1 |       |       ||     1
       Chunk             |       |     3 |     1 ||     4
Armor: Scale mail        |    28 |    44 |       ||    72
       Plate armour      |       |    11 |     9 ||    20
Dodge: Dodged            |    17 |    29 |     8 ||    54
       Deflected         |       |     9 |       ||     9
Block: Shield            |    26 |    54 |       ||    80
